 Dungeon Crawl Stone Soup version 0.27.1-4-g1640c2035a (webtiles) character file.

Game seed: 16281335006599284594

535 Stomo444 the Skirmisher (level 7, -9/62 HPs)
             Began as a Yellow Draconian Monk on Nov 10, 2021.
             Mangled by a gnoll (12 damage)
             ... on level 4 of the Dungeon.
             The game lasted 00:05:38 (3715 turns).

Stomo444 the Skirmisher (Yellow Draconian Monk)     Turns: 3715, Time: 00:05:39

Health: -9/62      AC:  6    Str: 16    XL:     7   Next: 4%
Magic:  7/7        EV: 13    Int: 10    God:
Gold:   220        SH:  0    Dex: 13    Spells: 6/6 levels left

rFire    . . .     SeeInvis .   a - +1 mace
rCold    . . .     Faith    .   (no shield)
rNeg     . . .     Spirit   .   (armour unavailable)
rPois    .         Reflect  .   (helmet restricted)
rElec    .         Harm     .   m - scarf {shadows}
rCorr    +         Rampage  .   (no gloves)
Will     .....     Clarity  +   (no boots)
Stlth    ++........             (no amulet)
HPRegen  0.20/turn              (no ring)
MPRegen  0.10/turn              (no ring)

@: weak-willed, attractive, very slightly contaminated, invisible
A: spit acid, AC +6, unfitting armour, cold-blooded, acid resistance, clarity,
wild magic 1
a: Breathe Acid


You were on level 4 of the Dungeon.
You visited 1 branch of the dungeon, and saw 6 of its levels.

You collected 220 gold pieces.

Inventory:

Hand Weapons
 a - a +1 mace (weapon)
Armour
 m - a scarf of shadows (worn)
Wands
 j - a wand of mindburst (19)
 n - a wand of acid (9)
Scrolls
 c - 2 scrolls of identify
 e - a scroll of enchant armour
 f - a scroll of magic mapping
 h - 2 scrolls of enchant weapon
Potions
 b - a potion of heal wounds
 d - a potion of curing
 i - a potion of attraction


   Skills:
 + Level 5.7 Fighting
 + Level 5.2 Maces & Flails
 + Level 4.7 Dodging
 - Level 1.7 Stealth


You had 6 spell levels left.
You didn't know any spells.
Your spell library contained the following spells:

 Spells                   Type           Power      Damage    Failure   Level
 Animate Skeleton         Necr           0%         N/A       45%         1
 Apportation              Tloc           0%         N/A       45%         1
 Corona                   Hex            0%         N/A       45%         1
 Pain                     Necr           0%         1d4       45%         1
 Summon Small Mammal      Summ           0%         N/A       45%         1
 Agony                    Necr           0%         N/A       100%        5
 Excruciating Wounds      Necr           0%         N/A       100%        5


Dungeon Overview and Level Annotations

Branches:
Dungeon (6/15)
 Temple: D:4-7

Altars:
Cheibriados
Uskayaw
Yredelemnul

Annotations:
D:3 Sigmund


Innate Abilities, Weirdness & Mutations

You can spit globs of acid.
Your golden yellow scales are hard. (AC +6)
You cannot fit into any form of body armour.
You are cold-blooded and may be slowed by cold attacks.
You are resistant to acid. (rCorr)
You possess an exceptional clarity of mind.
Your spells are a little harder to cast, but a little more powerful.


Message History

It is a scroll of enchant armour.
You aren't carrying any armour which can be enchanted further.
The gnoll hits you with a +0 flail!
As you read the scroll labelled BAIC BANUMP, it crumbles to dust.
It is a scroll of enchant weapon.
Your +0 mace glows red for a moment.
The gnoll hits you from afar with a +0 spear.
The gnoll hits you with a +0 flail!
As you read the scroll labelled ZARROSCHIRH VUCZOR, it crumbles to dust.
Magic quickly surges around you.
It was a scroll of vulnerability.
The gnoll hits you from afar with a +0 spear.
The gnoll hits you with a +0 flail! The gnoll closely misses you.
Unknown command.
It was a potion of curing.
You feel better. The gnoll barely misses you.
The gnoll hits you but does no damage. The gnoll hits you with a +0 flail.
It was a potion of mutation.
You feel extremely strange.
You feel less in control of your magic.
Your thoughts seem clearer.
The gnoll hits you from afar with a +0 spear.
The gnoll hits you with a +0 flail. The gnoll completely misses you.
It was a potion of attraction.
You feel attractive to monsters.
The gnoll hits you from afar with a +0 spear.
The gnoll misses you. The gnoll hits you with a +0 flail!
* * * LOW HITPOINT WARNING * * *
It was a potion of invisibility.
You fade into invisibility!
The gnoll hits you but does no damage. The gnoll closely misses you. x2
You are very lightly contaminated with residual magic.
Unknown command.
You barely miss the gnoll.
The gnoll hits you from afar with a +0 spear.
* * * LOW HITPOINT WARNING * * *
The gnoll misses you. The gnoll hits you with a +0 flail.
* * * LOW HITPOINT WARNING * * *
The gnoll closely misses you.
Unknown command.
Unknown command.
You completely miss the gnoll. The gnoll completely misses you.
The gnoll hits you with a +0 flail!
You die...

.......#.##..##.........#..
.......#..#..##........##..
.....####....##..........
.......#####.###...###...
#.......##≈#'#≈##..## #..
........##_..._##...###..
.........#######Og......
.....##.. #g#...... ......
#@#...... #Zg......
......... .#........
..#....... .# ##...##. ..
...#


You could see an ogre (weak-willed), 3 gnolls and an adder skeleton.

Vanquished Creatures
  A sky beast (D:6)
  An ogre (D:5)
  A centaur (D:3)
  A phantom (D:3)
  A howler monkey (D:5)
  A jelly (D:4)
  2 iguanas
  A hound skeleton (D:4)
  An adder (D:2)
  3 worms (D:2)
  A dart slug (D:2)
  An orc (D:3)
  5 ball pythons
  3 endoplasms
  4 giant cockroaches (D:2)
  2 goblins
  6 hobgoblins
  8 jackals
  3 quokkas
  4 bats
  5 kobolds (D:2)
  A quokka skeleton (D:4)
  3 rats
59 creatures vanquished.

Notes
Turn   | Place    | Note
-------+----------+-------------------------------------------
     0 | D:1      | Stomo444 the Draconian Monk began the quest for the Orb.
     0 | D:1      | Reached XP level 1. HP: 19/19 MP: 1/1
   361 | D:1      | Reached XP level 2. HP: 26/26 MP: 2/2
  1149 | D:2      | Reached XP level 3. HP: 28/33 MP: 3/3
  2085 | D:3      | Noticed Sigmund
  2170 | D:3      | Noticed a centaur
  2183 | D:3      | Killed a centaur
  2184 | D:3      | Reached XP level 4. HP: 9/41 MP: 4/4
  2184 | D:3      | Reached XP level 5. HP: 10/47 MP: 5/5
  2497 | D:3      | Noticed a phantom
  2515 | D:3      | Killed a phantom
  2790 | D:3      | Found a hide-covered altar of Uskayaw.
  2792 | D:3      | You fall into a shaft and drop 2 floors!
  2792 | D:5      | Entered Level 5 of the Dungeon
  2823 | D:5      | Noticed an ogre
  2895 | D:6      | Noticed a sky beast
  2913 | D:6      | Killed a sky beast
  2914 | D:6      | Reached skill level 5 in Fighting
  2914 | D:6      | Reached XP level 6. HP: 48/56 MP: 6/6
  3187 | D:5      | Reached skill level 5 in Maces & Flails
  3517 | D:4      | Your scales start taking on a golden yellow colour.
  3517 | D:4      | Reached XP level 7. HP: 37/62 MP: 7/7
  3517 | D:4      | Gained mutation: You are resistant to acid. (rCorr) [Yellow
                  | Draconian growth]
  3654 | D:4      | Found a basalt altar of Yredelemnul.
  3654 | D:4      | Found a snail-covered altar of Cheibriados.
  3711 | D:4      | Gained mutation: Your spells are a little harder to cast,
                  | but a little more powerful. [potion of mutation]
  3711 | D:4      | Gained mutation: You possess an exceptional clarity of
                  | mind. [potion of mutation]
  3714 | D:4      | HP: 3/62 [gnoll (6)]
  3715 | D:4      | Mangled by a gnoll

Illustrated notes

Levels and vault maps discovered:
D:1:      saegor_arrival_simple_c, layout_basic
D:2:      layout_basic, serial_forest, infiniplex_forest_clump_tiny,
          infiniplex_forest_lined_3, infiniplex_forest_clump_double,
          infiniplex_forest_straight_2, infiniplex_forest_3_way,
          infiniplex_forest_side_room, infiniplex_forest_straight_1,
          infiniplex_forest_lined_1, minmay_worlds_worst_comb
D:3:      layout_rooms, mainiacjoe_overflow_paths,
          eat_drink_and_be_merry_uskayaw, serial_rivers,
          chequers_serial_rivers_small_3, chequers_serial_rivers_large_b,
          chequers_serial_rivers_micro_a, chequers_serial_rivers_room_a,
          chequers_serial_rivers_room_b, chequers_serial_rivers_room_a,
          dreamdust_ecumenical_altar_grove, hangedman_decor_diamond_cutter,
          minmay_misc_feat_rugged, minmay_fractal_squares_gapless_5,
          uniq_sigmund, uniq_terence
D:4:      layout_cave_pools, grunt_temple_overflow_opulence,
          gammafunk_temple_overflow_elements
D:5:      layout_basic, temple_pool_b
D:6:      layout_cave_pools, nicolae_sif_muna_little_library,
          roderic_serpentine_path

Skill      XL: |  1  2  3  4  5  6 |
---------------+-------------------+-----
Dodging        | 3 4 |  4.7
Fighting       | 4 5 |  5.7
Maces & Flails | 4 5 |  5.2
Stealth        | |  1.7

Action                   |  1- 3 |  4- 6 |  7- 9 || total
-------------------------+-------+-------+-------++-------
Melee: Mace              |   145 |    75 |    10 ||   230
       Tailslap          |    18 |    14 |       ||    32
  Use: Potion            |       |       |     5 ||     5
       Scroll            |       |       |     4 ||     4
 Stab: Sleeping          |     5 |       |       ||     5
Armor: Skin              |    48 |    18 |     5 ||    71
Dodge: Dodged            |   116 |    59 |    16 ||   191
